 Dungeon Crawl Stone Soup version 0.30-a0-414-gcb316572d5 (webtiles) character file.

Game seed: 12346594765582633764

951 NinjaNoafa the Cutter (level 8, -1/65 HPs)
             Began as a Merfolk Gladiator on Dec 7, 2022.
             Was a Follower of Uskayaw.
             Splashed by a jelly's acid (4 damage)
             ... on level 6 of the Dungeon.
             The game lasted 00:09:05 (4962 turns).

NinjaNoafa the Cutter (Merfolk Gladiator)           Turns: 4962, Time: 00:09:06

Health: -1/65      AC: -5    Str: 16    XL:     8   Next: 13%
Magic:  0/8        EV: 15    Int:  8    God:    Uskayaw [*.....]
Gold:   100        SH:  0    Dex: 19    Spells: 7/7 levels left

rFire   + . .      SeeInvis .    F - +2 dagger (speed)
rCold   + + .      Faith    .    (no shield)
rNeg    . . .      Spirit   +    o - +2 ring mail of Reason {Str+2 Dex+2}
rPois   +          Reflect  .    c - +0 helmet
rElec   +          Harm     .    H - +1 cloak
rCorr   +          Rampage  .    (no gloves)
Will    .....                    B - +0 pair of boots
Stlth   +.........               t - amulet of guardian spirit
HPRegen 0.30/turn                a - ring of protection from cold
MPRegen 0.11/turn                (no ring)

@: resistant, corroded
A: (nimble swimmer 2), mertail
a: Renounce Religion, Stomp


You were on level 6 of the Dungeon.
You worshipped Uskayaw.
Uskayaw was noncommittal.
You visited 2 branches of the dungeon, and saw 7 of its levels.

You collected 298 gold pieces.
You spent 198 gold pieces at shops.

Inventory:

Hand Weapons
 F - a +2 dagger of speed (weapon)
Missiles
 d - 2 throwing nets
 g - 38 stones
 E - 9 poisoned darts
 G - 2 boomerangs (quivered)
Armour
 c - a +0 helmet (worn)
 o - the +2 ring mail of Reason (worn) {Str+2 Dex+2}
   (You found it on level 2 of the Dungeon)

   Str:       It affects your strength (+2).
   Dex:       It affects your dexterity (+2).
 B - a +0 pair of boots (worn)
 H - a +1 cloak (worn)
Jewellery
 a - a ring of protection from cold (left hand)
 t - an amulet of guardian spirit (around neck)
Wands
 x - a wand of digging (4)
 z - a wand of charming (4)
 I - a wand of iceblast (7)
Scrolls
 b - 2 scrolls of amnesia {unknown}
 e - 6 scrolls of identify {unknown}
 h - a scroll of magic mapping {unknown}
 i - 3 scrolls of blinking {unknown}
 j - a scroll of summoning {unknown}
 l - 6 scrolls of teleportation {unknown}
 p - a scroll of enchant armour {unknown}
 r - 2 scrolls of noise {unknown}
 s - a scroll of silence {unknown}
 v - a scroll of vulnerability {unknown}
 w - a scroll of immolation {unknown}
 A - a scroll of fog {unknown}
Potions
 k - a potion of flight {unknown}
 m - 3 potions of curing
 q - a potion of heal wounds
 u - a potion of ambrosia {unknown}
 C - a potion of attraction {unknown}
 D - a potion of mutation {unknown}


   Skills:
 + Level 6.3 Fighting
 + Level 7.6 Short Blades
 - Level 2.0 Throwing
 + Level 7.2 Dodging


You had 7 spell levels left.
You didn't know any spells.
Your spell library contained the following spells:

 Spells                   Type           Power      Damage    Failure   Level
 Apportation              Tloc           0%         N/A       63%         1
 Necrotise                Necr           0%         1d4       63%         1
 Summon Small Mammal      Summ           0%         N/A       63%         1
 Call Canine Familiar     Summ           0%         N/A       94%         3
 Kindle Blastsparks       Fire/Tloc/Air  0%         2d10      94%         3
 Summon Guardian Golem    Hex/Summ       0%         N/A       94%         3
 Passage of Golubria      Tloc           0%         N/A       100%        4


Dungeon Overview and Level Annotations

Branches:
Dungeon (6/15)             Temple (1/1) D:4

Altars:
Ashenzari
Cheibriados
Dithmenos
Elyvilon
Fedhas
Kikubaaqudgha
Makhleb
Nemelex Xobeh
Qazlal
Ru
Sif Muna
Trog
Uskayaw
Vehumet
Wu Jian
Xom
Zin
The Shining One

Shops:
D:2 (!

Annotations:
D:5 3 runed translucent doors, tio's ghost, amateur DsNe


Innate Abilities, Weirdness & Mutations

((You are very nimble when in or above water. (Stealth+, EV+, Speed+++)))
Your lower body shifts to a powerful aquatic tail in water.


Message History

You hit the jelly but do no damage.
Your hands burn!
The jelly is moderately wounded.
The jelly completely misses you.
You hit the jelly but do no damage.
Your hands burn!
You punch the jelly, but do no damage.
The jelly is moderately wounded.
You hit the jelly but do no damage.
Your hands burn!
The jelly is moderately wounded.
The jelly misses you.
You hit the jelly but do no damage.
Your hands burn!
The jelly is moderately wounded.
You hit the jelly but do no damage.
Your hands burn!
The jelly is moderately wounded.
The jelly closely misses you.
You hit the jelly but do no damage.
Your hands burn!
The jelly is moderately wounded.
You hit the jelly but do no damage.
Your hands burn!
The jelly is moderately wounded.
You hit the jelly but do no damage.
Your hands burn!
* * * LOW HITPOINT WARNING * * *
Your punch misses the jelly.
The jelly is moderately wounded.
The jelly hits you.
* * * LOW HITPOINT WARNING * * *
You are splashed with acid.
You resist.
* * * LOW HITPOINT WARNING * * *
The jelly hits you.
* * * LOW HITPOINT WARNING * * *
You are splashed with acid.
You resist.
* * * LOW HITPOINT WARNING * * *
The jelly attacks as you move away! The jelly barely misses you.
The jelly attacks as you move away! The jelly hits you.
* * * LOW HITPOINT WARNING * * *
You are splashed with acid.
You resist.
* * * LOW HITPOINT WARNING * * *
The jelly attacks as you move away! The jelly closely misses you.
The jelly attacks as you move away! The jelly hits you.
* * * LOW HITPOINT WARNING * * *
The acid corrodes you!
You are splashed with acid.
You resist.
You die...

##..................##
+...................#
##..................#
#.......[...........#
#..................##
+......)..........##
##........(.......##
#...............J##
.#..............@########
##............#.........##
###.........##...........#
######.#####.....♣P....#
... ### #...PP.PPP..# ....
#..PPP.PP♣..##..♣. #
#..P.....♣..#..... #
##..PPP.PP......... ######
####...PPP.PP.........


You could see a jelly.

Vanquished Creatures
  Edmund (D:4)
  A water moccasin (D:5)
  2 black bears (D:5)
  A centaur (D:5)
  A phantom (D:5)
  A bullfrog (D:5)
  A jelly (D:5)
  An orc priest (D:6)
  An iguana (D:6)
  3 orc wizards
  3 adders
  3 gnolls (D:4)
  2 shadow imps
  3 worms
  2 dart slugs
  9 orcs
  7 ball pythons
  8 endoplasms
  6 giant cockroaches
  7 goblins
  5 hobgoblins
  4 jackals (D:1)
  5 kobolds
  3 quokkas
  4 bats
  2 frilled lizards
  2 rats (D:1)
88 creatures vanquished.

Vanquished Creatures (collateral kills)
  A gnoll bouda (D:4)
  4 gnolls (D:4)
5 creatures vanquished.

Grand Total: 93 creatures vanquished

Notes
Turn   | Place    | Note
-------+----------+-------------------------------------------
     0 | D:1      | NinjaNoafa the Merfolk Gladiator began the quest for the
                  | Orb.
     0 | D:1      | Reached XP level 1. HP: 16/16 MP: 1/1
   127 | D:1      | Reached XP level 2. HP: 9/22 MP: 2/2
   327 | D:1      | Got Vief's Spellbook of Direction
   334 | D:1      | Found a faded altar of an unknown god.
   392 | D:1      | Reached XP level 3. HP: 26/27 MP: 3/3
   402 | D:1      | Reached skill level 5 in Short Blades
   760 | D:2      | Identified the +2 ring mail of Reason {Str+2 Dex+2}
   838 | D:2      | Found Binosa's Distillery.
  1119 | D:2      | Found Qiocy's Weapon Shoppe.
  1679 | D:3      | Reached XP level 4. HP: 32/33 MP: 2/4
  2357 | D:4      | Found an ancient bone altar of Kikubaaqudgha.
  2371 | D:4      | Noticed Edmund
  2405 | D:4      | Reached XP level 5. HP: 36/42 MP: 3/5
  2424 | D:4      | Killed Edmund
  2558 | D:4      | Found a burning altar of Makhleb.
  2645 | D:4      | Found a staircase to the Ecumenical Temple.
  2745 | D:4      | Reached XP level 6. HP: 34/49 MP: 2/6
  2793 | Temple   | Entered the Ecumenical Temple
  2985 | Temple   | Became a worshipper of Uskayaw the Reveller
  3199 | D:2      | Bought a +2 dagger of speed for 198 gold pieces
  3287 | D:4      | Reached * piety under Uskayaw
  3294 | D:4      | Reached skill level 5 in Dodging
  3295 | D:4      | Reached ** piety under Uskayaw
  3308 | D:4      | Reached *** piety under Uskayaw
  3320 | D:4      | Reached **** piety under Uskayaw
  3568 | D:5      | Entered Level 5 of the Dungeon
  3783 | D:5      | Found a runed translucent gate.
  3784 | D:5      | Found a runed translucent gate.
  3785 | D:5      | Found a runed translucent gate.
  3792 | D:5      | Noticed tio's ghost (amateur DsNe)
  3809 | D:5      | Noticed a black bear
  3856 | D:5      | Killed a black bear
  3857 | D:5      | Reached skill level 5 in Fighting
  3879 | D:5      | Reached XP level 7. HP: 32/56 MP: 5/7
  3891 | D:5      | Reached ***** piety under Uskayaw
  4317 | D:5      | Reached XP level 8. HP: 48/64 MP: 8/8
  4962 | D:6      | HP: 3/65 [jelly (2)]
  4962 | D:6      | Splashed by a jelly's acid

Illustrated notes

Levels and vault maps discovered:
D:1:      minmay_arrival_solitary_statue, layout_basic,
          shapermc_ecumenical_altar_notcrosses
D:2:      layout_basic, serial_shops, nicolae_shop_bloodbath_and_beyond, shop
D:3:      layout_basic, due_unseen_surprise
D:4:      layout_basic, mainiacjoe_overflow_catwalk_spiral,
          lemuel_temple_firewalk_b, minmay_misc_feat_five, minivault_23,
          uniq_edmund
D:5:      layout_rooms, serial_rivers, chequers_serial_rivers_micro_e,
          chequers_serial_rivers_small_a, chequers_serial_rivers_micro_d,
          chequers_serial_rivers_micro_c, chequers_serial_rivers_micro_b,
          gammafunk_ghost_necromancy
D:6:      hangedman_cross_stitches, layout_cave_pods, mainiacjoe_overflow_paths,
          mainiacjoe_overflow_six_doors_small, serial_park,
          serial_park_tiny_pond, serial_park_tiny_pond, serial_park_tiny_1,
          serial_park_gazebo [serial_park_minivault_5x5_8], serial_park_avenue1,
          hangedman_abyss_or_decor_slice
Temple:   eino_temple_rhombus

Skill      XL: |  1  2  3  4  5  6  7  8 |
---------------+-------------------------+-----
Short Blades   | 4 5 6 7 |  7.6
Fighting       | 3 4 5 6 |  6.3
Dodging        | 5 6 7 |  7.2
Throwing       | |  2.0

Action                   |  1- 3 |  4- 6 |  7- 9 || total
-------------------------+-------+-------+-------++-------
Melee: Rapier            |   148 |    83 |       ||   231
       Punch             |     2 |     1 |     2 ||     5
       Dagger            |       |    97 |   132 ||   229
Throw: Javelin           |     5 |     2 |     1 ||     8
       Throwing net      |       |     3 |     1 ||     4
       Dart              |       |    10 |    13 ||    23
       Boomerang         |       |       |     6 ||     6
Evoke: Wand              |       |     4 |       ||     4
  Use: Potion            |     2 |       |     4 ||     6
 Stab: Betrayed ally     |       |     1 |       ||     1
       Paralysed         |       |       |     2 ||     2
Armor: Leather armour    |    28 |       |       ||    28
       Ring mail         |    37 |    74 |    25 ||   136
Dodge: Dodged            |   113 |   105 |    76 ||   294

Table legend: (Time is in decaauts)
 A = Elapsed time spent in this place.
 B = Non-inter-level travel time spent in this place.
 C = Inter-level travel time spent in this place.
 D = Time resting spent in this place.
 E = Time spent auto-exploring this place.
 F = Levels seen in this place.
 G = Mean time per level.
                   A        B        C        D        E       F      G
               +--------+--------+--------+--------+--------+-----+--------+
         Total |   4806 |   4489 |    317 |     87 |   3360 |   7 |  686.6 |
       Dungeon |   4604 |   4297 |    307 |     87 |   3208 |   6 |  767.3 |
        Temple |    202 |    192 |     10 |      0 |    152 |   1 |  202.0 |
               +--------+--------+--------+--------+--------+-----+--------+

Top non-repeatable levels by time:
     D:4: 1020 daAuts
     D:3: 883 daAuts
     D:5: 860 daAuts
     D:1: 749 daAuts
     D:2: 665 daAuts
     D:6: 423 daAuts
  Temple: 202 daAuts
